 Dungeon Crawl Stone Soup version 0.30.1-9-gdf580d7c3d (webtiles) character file.

Game seed: 14811985140843606768

188 monsoonserge the Digger (level 5, -2/28 HPs)
             Began as a Gargoyle Earth Elementalist on Sept 29, 2023.
             Slain by Edmund
             ... wielding a +2 flail of draining
              (6 damage)
             ... on level 4 of the Dungeon.
             The game lasted 00:10:00 (2979 turns).

monsoonserge the Digger (GrEE)                      Turns: 2979, Time: 00:10:01

Health: -2/28      AC:  8    Str: 11    XL:     5   Next: 67%
Magic:  2/9        EV: 11    Int: 18    God:
Gold:   176        SH:  0    Dex: 10    Spells: 5/9 levels left

rFire   . . .        w - +2 short sword (speed)
rCold   . . .        (no shield)
rNeg    + + .        f - +0 leather armour
rPois   ∞            (no helmet)
rElec   +            y - +0 cloak
rCorr   .            (no gloves)
SInv    .            (no boots)
Will    .....        (no amulet)
Stlth   ++           i - ring of positive energy
HPRegen 0.24/turn    (no ring)
MPRegen 0.11/turn

%: no passive effects
@: mighty, very slightly contaminated
A: sickness immunity, AC +4, negative energy resistance 1, electricity
resistance, torment resistance 1, petrification resistance
a: no special abilities


You were on level 4 of the Dungeon.
You visited 1 branch of the dungeon, and saw 4 of its levels.

You collected 176 gold pieces.

Inventory:

Hand Weapons
 w - a +2 short sword of speed (weapon)
 x - a +2 hand axe of venom
Missiles
 t - 5 poisoned darts (quivered)
Armour
 a - a +0 robe
 f - a +0 leather armour (worn)
 j - a +0 ring mail
 y - a +0 cloak (worn)
Jewellery
 i - a ring of positive energy (left hand)
Scrolls
 e - a scroll of fear {unknown}
 g - a scroll of amnesia {unknown}
 m - a scroll of poison {unknown}
 r - a scroll of magic mapping {unknown}
 s - a scroll of enchant armour {unknown}
 u - a scroll of enchant weapon {unknown}
 v - 2 scrolls of identify {unknown}
Potions
 b - 3 potions of magic
 c - a potion of might
 d - a potion of ambrosia {unknown}
 h - a potion of brilliance {unknown}
 k - a potion of haste {unknown}
 l - 2 potions of degeneration {unknown}
 n - a potion of heal wounds {unknown}
 o - 6 potions of curing {unknown}
 p - 2 potions of lignification {unknown}
 q - a potion of mutation {unknown}


   Skills:
 + Level 0.3 Fighting
 * Level 2.1 Armour
 + Level 1.6 Dodging
 + Level 2.4 Stealth
 + Level 2.8 Spellcasting
 * Level 0.6 Conjurations
 - Level 1.0 Transmutations
 * Level 6.0 Earth Magic


You had 5 spell levels left.
You knew the following spells:

 Your Spells              Type           Power      Damage    Failure   Level
a - Sandblast             Erth           48%        2d12      1%          1
b - Stone Arrow           Conj/Erth      28%        3d8       17%         3

Your spell library contained the following spells:

 Spells                   Type           Power      Damage    Failure   Level
 Passwall                 Tmut/Erth      12%        N/A       8%          2
 Shock                    Conj/Air       12%        1d3       19%         1
 Sting                    Tmut/Pois      16%        1d3       19%         1
 Poisonous Vapours        Pois/Air       4%         N/A       32%         2
 Petrify                  Tmut/Erth      15%        N/A       45%         4
 Ignite Poison            Fire/Tmut/Pois 3%         N/A       50%         3
 Gell's Gravitas          Tloc           2%         N/A       54%         3
 Swiftness                Air            2%         N/A       54%         3
 Teleport Other           Tloc           2%         N/A       54%         3
 Sticky Flame             Conj/Fire      3%         2d3       88%         4
 Airstrike                Air            1%         2d(1-17)  91%         4
 Olgreb's Toxic Radiance  Pois           2%         N/A       91%         4
 Dispersal                Tloc           1%         N/A       100%        6
 Ignition                 Fire           1%         3d3       100%        8


Dungeon Overview and Level Annotations

Branches:
Dungeon (4/15)
 Temple: D:4-7

Altars:
Trog

Shops:
D:4 [

Annotations:
D:4 Edmund


Innate Abilities, Weirdness & Mutations

You are immune to sickness and miasma.
Your stone body is resilient. (AC +4)
You are immune to poison.
You resist negative energy. (rN+)
You are resistant to electric shocks. (rElec)
You are resistant to unholy torment.
You are immune to petrification.


Message History

Aim: Edmund, wielding a +2 flail of draining and wearing a +0 chain mail (moderately wounded, 87% to hit)
The blast of sand hits Edmund but does no damage.
Edmund is moderately wounded.
Edmund hits you but does no damage.
Casting: Sandblast (safe; 1% risk of failure)
Confirm with . or Enter, or press ? or * to list all spells.
Aiming: Sandblast (safe; 1% risk of failure)
Press: ? - help, Shift-Dir - straight line, f/p - Edmund
Aim: Edmund, wielding a +2 flail of draining and wearing a +0 chain mail (moderately wounded, 87% to hit)
The blast of sand hits Edmund but does no damage.
Edmund is moderately wounded.
Edmund hits you with a +2 flail of draining.
Edmund barely misses you.
Casting: Sandblast (safe; 1% risk of failure)
Confirm with . or Enter, or press ? or * to list all spells.
Aiming: Sandblast (safe; 1% risk of failure)
Press: ? - help, Shift-Dir - straight line, f/p - Edmund
Aim: Edmund, wielding a +2 flail of draining and wearing a +0 chain mail (moderately wounded, 87% to hit)
The blast of sand hits Edmund!
Edmund is heavily wounded.
Edmund hits you with a +2 flail of draining!
* * * LOW HITPOINT WARNING * * *
Casting: Sandblast (safe; 1% risk of failure)
Confirm with . or Enter, or press ? or * to list all spells.
The spell is quite dangerous to miscast (17% risk of failure)!
Continue anyway? [Y]es or [N]o only, please.
The spell is quite dangerous to miscast (17% risk of failure)!
Continue anyway?
Aiming: Stone Arrow (quite dangerous; 17% risk of failure)
Press: ? - help, Shift-Dir - straight line, f/p - Edmund
Aim: Edmund, wielding a +2 flail of draining and wearing a +0 chain mail (heavily wounded, 77% to hit)
You miscast Stone Arrow.
You are very lightly contaminated with residual magic.
Nothing appears to happen.
Edmund barely misses you.
It was a potion of might.
You feel very mighty all of a sudden. Edmund closely misses you.
You barely miss Edmund.
Edmund is heavily wounded.
Edmund hits you with a +2 flail of draining.
You die...

###. ##.# #... #.#
.###### ...## #.#
....... P...# #.#
....... ♣P..# #.#
.......P♣...# #.#
.......♣P...#####.#
..................#
.......@....####..#
!.....@..............
..........#.####..###.#
#######.###.# #... #..
..# ##.## ### #.# #.#
#.# .# #.# .#


You could see Edmund.

Vanquished Creatures
  7 gnolls
  2 adders (D:3)
  2 worms
  4 dart slugs
  6 orcs (D:3)
  3 ball pythons
  5 bats
  7 endoplasms
  A giant cockroach (D:3)
  8 hobgoblins
  2 jackals (D:1)
  8 kobolds
  3 quokkas
  7 frilled lizards
  7 goblins
  6 rats
78 creatures vanquished.

Notes
Turn   | Place    | Note
-------+----------+-------------------------------------------
     0 | D:1      | monsoonserge the Gargoyle Earth Elementalist began the
                  | quest for the Orb.
     0 | D:1      | Reached XP level 1. HP: 10/10 MP: 3/3
   111 | D:1      | Reached skill level 4 in Earth Magic
   115 | D:1      | Reached XP level 2. HP: 14/15 MP: 1/5
   620 | D:1      | Reached XP level 3. HP: 19/19 MP: 4/6
   988 | D:1      | Learned a level 3 spell: Stone Arrow
   993 | D:2      | Reached skill level 5 in Earth Magic
  1058 | D:2      | Reached skill level 1 in Armour
  1058 | D:2      | Reached XP level 4. HP: 24/24 MP: 4/7
  1155 | D:2      | Reached skill level 1 in Transmutations
  2139 | D:3      | Found a bloodstained altar of Trog.
  2297 | D:3      | Reached XP level 5. HP: 28/28 MP: 6/8
  2787 | D:3      | Reached skill level 6 in Earth Magic
  2934 | D:4      | Found Orenin's Antique Armour Emporium.
  2968 | D:4      | Noticed Edmund
  2979 | D:4      | Slain by Edmund

Illustrated notes

Levels and vault maps discovered:
D:1:      lightli_arrival_maybe_door_vault, layout_loops_ring,
          minmay_lizard_pond
D:2:      layout_rooms, serial_bayou, serial_bayou_lagoon_a,
          serial_bayou_shore_a, serial_bayou_crossing, serial_bayou_lake_a,
          serial_bayou_pond_c
D:3:      layout_basic, lightli_temple_of_fire
D:4:      layout_loops_ring, kennysheep_orc_sif_temple, enter_ossuary_2,
          serial_shops, nicolae_shop_tiny_real_fake_doors, shop,
          serial_park_tiny_2, uniq_edmund

Skill      XL: |  1  2  3  4  5 |
---------------+----------------+-----
Earth Magic    | 4 5 6 |  6.0
Armour         | 1 2 |  2.1
Transmutations | 1 |  1.0
Fighting       | |  0.3
Dodging        | |  1.6
Stealth        | |  2.4
Spellcasting   | |  2.8
Conjurations   | |  0.6

Action                     |  1- 3 |  4- 6 || total
---------------------------+-------+-------++-------
  Melee: Unarmed           |    17 |       ||    17
         Dagger            |    12 |       ||    12
         Short sword       |     5 |    22 ||    27
   Cast: Sandblast         |    41 |    67 ||   108
    Use: Potion            |       |     1 ||     1
 Armour: Robe              |     7 |       ||     7
         Leather armour    |    11 |    24 ||    35
  Dodge: Dodged            |    23 |    24 ||    47
